 Dungeon Crawl Stone Soup version 0.18-a0-1225-g5d63bca (webtiles) character file.

1698 Azzok the Ruffian (level 8, -7/79 HPs)
             Began as a Troll Monk on Feb 3, 2016.
             Mangled by an ice beast (14 damage)
             ... on level 6 of the Dungeon.
             The game lasted 00:15:19 (4615 turns).

Azzok the Ruffian (Troll Monk)                      Turns: 4615, Time: 00:15:19

Health: -7/79      AC:  7    Str: 22    XL:     8   Next: 72%
Magic:  7/7        EV:  9    Int:  6    God:
Gold:   60         SH:  8    Dex: 12    Spells: 0 memorised, 7 levels left

rFire  . . .     SeeInvis +       - Unarmed
rCold  . . .     Gourm    +     a - +0 robe
rNeg   . . .     Faith    .     w - +0 shield
rPois  +         Spirit   .     K - +2 hat {SInv}
rElec  .         Dismiss  .     (no cloak)
rCorr  .         Reflect  .     (gloves unavailable)
SustAt .         Harm     .     (boots unavailable)
MR     +....                    (no amulet)
Stlth  +.........               s - ring of poison resistance
                                j - ring of protection from magic

@: somewhat resistant to hostile enchantments, very unstealthy
A: unfitting armour, claws 3, fast metabolism 3, gourmand, regeneration 2,
shaggy fur 1, tough skin 2
a: no special abilities


You were on level 6 of the Dungeon.
You were completely stuffed.

You visited 1 branch of the dungeon, and saw 6 of its levels.
You also visited: Sewer.

You collected 255 gold pieces.
You spent 195 gold pieces at shops.

Inventory:

Missiles
 d - 86 stones (quivered)
Armour
 a - a +0 robe (worn)
 w - a +0 shield (worn)
 K - a +2 hat of see invisible (worn)
Jewellery
 j - a ring of protection from magic (left claw)
 s - a ring of poison resistance (right claw)
 G - an uncursed ring of see invisible
Wands
 I - a wand of polymorph (12/24)
 J - a wand of lightning (6/15)
Scrolls
 c - a scroll of amnesia {unknown}
 e - 6 scrolls of teleportation {unknown}
 f - 3 scrolls of enchant weapon {unknown}
 k - 4 scrolls of enchant armour {unknown}
 l - 3 scrolls of remove curse {unknown}
 n - 2 scrolls of fog {unknown}
 o - a scroll of magic mapping {unknown}
 p - 3 scrolls of blinking {unknown}
 t - a scroll of recharging {unknown}
 B - a scroll of random uselessness {unknown}
 F - 2 scrolls of identify
Potions
 g - 5 potions of curing {unknown}
 i - 4 potions of haste {unknown}
 q - a potion of resistance {unknown}
 r - 8 potions of heal wounds {unknown}
 v - 3 potions of agility {unknown}
 A - a potion of flight {unknown}
 C - 3 potions of brilliance {unknown}
 D - a potion of might {unknown}
 H - a potion of invisibility {unknown}
Books
 m - a book of Debilitation

   Spells                             Type                      Level
   a - Corona                         Hexes                        1
   b - Slow                           Hexes                        2
   c - Gell's Gravitas                Hexes/Translocation          3
   d - Inner Flame                    Hexes/Fire                   3
   e - Cause Fear                     Hexes                        4
   f - Leda's Liquefaction            Hexes/Earth                  4
 u - an Akashic Record

   Spells                             Type                      Level
   a - Dispersal                      Translocation                6
   b - Malign Gateway                 Summoning/Translocation      7
   c - Disjunction                    Translocation                8
   d - Controlled Blink               Translocation                8
 y - a book of the Earth

   Spells                             Type                      Level
   a - Leda's Liquefaction            Hexes/Earth                  4
   b - Bolt of Magma                  Conjuration/Fire/Earth       5
   c - Statue Form                    Transmutation/Earth          6
   d - Iron Shot                      Conjuration/Earth            6
   e - Shatter                        Earth                        9
Comestibles
 b - 8 bread rations
 h - 5 fruits
 x - 2 chunks of flesh
 z - a beef jerky
 E - 2 meat rations


   Skills:
 + Level 4.8 Fighting
 - Level 2.3 Throwing
 + Level 3.1 Armour
 + Level 4.6 Dodging
 - Level 1.1 Stealth
 + Level 1.8 Shields
 * Level 7.8 Unarmed Combat


You had 7 spell levels left.
You didn't know any spells.

Dungeon Overview and Level Annotations

Branches:
Dungeon (6/15)             Temple (0/1) D:5

Altars:
Elyvilon
Qazlal
Vehumet

Shops:
D:5 =


Innate Abilities, Weirdness & Mutations

You are too large for most types of armour.
You have claws for hands.
Your metabolism is lightning-fast.
You like to eat raw meat.
You heal very quickly.
You are covered in fur (AC +1).
You have very tough skin (AC +2).


Message History

The ice beast is severely wounded.
The ice beast hits you. The ice beast freezes you!
You closely miss the ice beast.
The ice beast is severely wounded.
The ice beast hits you. The ice beast freezes you!
* * * LOW HITPOINT WARNING * * *
The orc warrior hits you but does no damage.
The ice beast hits you.
* * * LOW HITPOINT WARNING * * *
The ice beast freezes you!
* * * LOW HITPOINT WARNING * * *
You see here an arrow.
Read which item? (? for menu, Esc to quit)
Okay, then.
You scratch the ice beast.
The ice beast is severely wounded.
The ice beast hits you.
* * * LOW HITPOINT WARNING * * *
The ice beast freezes you!
You die... .#.#...#.........##.# >#.#.#.#.####.#####.# ..............####.)# .......#.### #...)# ooc##

.......#.### ##....# ....#
........... #.....# ....#
#.#....#.## #....## ....#
#........# #....# ..$#
.........# #.@### ..#
.........# #Y########'####
.........#### #o(o(....(....#
#...........#.#.............#
#.......###.#.#.............#
#.............####'########.#
.....######.#.###...## ###..#
#....# #.#.##.....###....#
#....# #.#.#......)##....#


You could see an ice beast and an orc.

Vanquished Creatures
  Sigmund (D:6)
  2 orc warriors
  A sky beast (D:6)
  2 phantoms
  2 centaurs (D:6)
  3 ogres
  2 crimson imps (D:6)
  A jelly (D:5)
  3 orc wizards
  A centaur skeleton (D:5)
  A giant frog skeleton (D:5)
  An iguana (D:5)
  3 worker ants
  A hound zombie (D:6)
  4 gnolls
  12 adders
  A shadow imp (D:6)
  4 oozes
  An adder zombie (D:6)
  An adder skeleton (D:6)
  4 worms
  28 orcs
  3 giant cockroaches
  7 hobgoblins
  4 jackals (D:2)
  18 kobolds
  4 quokkas
  4 ball pythons
  7 bats
  2 giant gecko skeletons (D:5)
  9 giant newts
  7 goblins
  7 rats
151 creatures vanquished.

Notes
Turn   | Place    | Note
--------------------------------------------------------------
     0 | D:1      | Azzok the Troll Monk began the quest for the Orb.
     0 | D:1      | Reached XP level 1. HP: 22/22 MP: 0/0
   109 | D:1      | Reached XP level 2. HP: 29/29 MP: 1/1
   409 | D:1      | Reached skill level 1 in Throwing
   509 | D:1      | You fall through a shaft!
   537 | D:2      | Reached XP level 3. HP: 32/36 MP: 2/2
   597 | D:2      | Found a faded altar to an unknown god.
   598 | D:2      | Found a white marble altar of Elyvilon.
   810 | D:2      | Reached XP level 4. HP: 33/44 MP: 3/3
  1226 | D:3      | Noticed an ogre
  1233 | D:3      | Killed an ogre
  1233 | D:3      | Reached skill level 5 in Unarmed Combat
  1233 | D:3      | Reached XP level 5. HP: 18/53 MP: 4/4
  2108 | D:4      | Found a radiant altar of Vehumet.
  2138 | D:4      | Reached XP level 6. HP: 61/61 MP: 5/5
  2207 | D:4      | Noticed an orc warrior
  2265 | D:4      | Killed an orc warrior
  2611 | D:4      | Reached skill level 1 in Armour
  2611 | D:4      | Reached skill level 6 in Unarmed Combat
  2611 | D:4      | Reached XP level 7. HP: 54/68 MP: 6/6
  2813 | D:5      | Entered Level 5 of the Dungeon
  3062 | D:5      | Found a staircase to the Ecumenical Temple.
  3156 | D:5      | Found Ypnie's Jewellery Boutique.
  3193 | D:5      | Found a stormy altar of Qazlal.
  3368 | D:5      | Found a glowing drain.
  3385 | Sewer    | Entered a sewer
  3794 | D:6      | Noticed Sigmund
  3822 | D:6      | Killed Sigmund
  3822 | D:6      | Reached skill level 7 in Unarmed Combat
  3822 | D:6      | Reached XP level 8. HP: 21/78 MP: 7/7
  4055 | D:6      | Found a stormy altar of Qazlal.
  4068 | D:6      | Reached skill level 1 in Shields
  4157 | D:5      | Bought an uncursed ring of see invisible for 195 gold pieces
  4615 | D:6      | Mangled by an ice beast

Vault maps used:
D:1:      dpeg_arrival_rhombus
D:2:      nicolae_overflow_crystal_walls, ecumenical_altar_1
D:4:      fiery_altar_vehumet
D:5:      marbit_many_paths, temple_pool_b, portal_sewer_entry_d, first_bread,
          serial_shops, shop
D:6:      minmay_opposing_rooms, grunt_qazlal_clouds, uniq_sigmund
Sewer:    kennysheep_pipe_town

Action                   |  1- 3 |  4- 6 |  7- 9 || total
-------------------------+-------+-------+-------++-------
Melee: Unarmed           |    69 |   161 |   242 ||   472
  Use: Scroll            |       |     1 |     2 ||     3
 Stab: Sleeping          |       |     2 |     1 ||     3
  Eat: Chunk             |    13 |    16 |    19 ||    48
